[Event "International chess holiday K31"]
[Site "?"]
[Date "2018.08.02"]
[Round "8"]
[White "Skopec, Lubos"]
[Black "Rejlic, Michael"]
[Result "1-0"]
[ECO "C44"]
[WhiteElo "1981"]
[BlackElo "1866"]
[Annotator "Koller,Martin"]
[PlyCount "127"]
[TimeControl "240+2"]

{279MB} 1. e4 e5 2. Nf3 Nc6 3. c3 Nf6 4. d4 Nxe4 5. d5 Nb8 6. Nxe5 Be7 7. Bd3
Nf6 8. Qc2 d6 9. Nf3 Nbd7 10. c4 Nc5 11. Be2 O-O 12. O-O Re8 13. Nc3 Bf8 14. b4
Nce4 15. Nxe4 Nxe4 16. Bd3 Nf6 17. Bg5 g6 18. Rae1 Rxe1 19. Rxe1 Bg7 20. Qe2
Bd7 21. Qe7 a6 22. h3 Qxe7 23. Rxe7 Rd8 24. Nd2 Kf8 25. Re2 Re8 26. Kf1 h6 27.
Be3 g5 28. Bd4 Rxe2 29. Kxe2 Nh5 30. Bxg7+ Kxg7 31. Bc2 Nf4+ 32. Kf3 f5 33. h4
Kf6 34. hxg5+ hxg5 35. g3 Nh5 36. Ke3 f4+ 37. gxf4 gxf4+ 38. Kd4 Ng7 39. Ne4+
Ke7 40. Nc3 b6 41. Ne2 Nh5 42. Bg6 f3 43. Bxh5 fxe2 44. Bxe2 Kf6 45. Bd3 Kg5
46. c5 b5 47. Ke3 Kg4 48. Bg6 Kg5 49. Bf7 Kf6 50. Bh5 Ke5 51. Bf3 dxc5 52. bxc5
b4 53. Be4 a5 54. f4+ Kf6 55. Kd4 Bb5 56. Bd3 Ba4 57. Kc4 Ke7 58. Bf5 Kf6 59.
Bc8 Kg6 60. d6 cxd6 61. cxd6 Kf7 62. f5 Ke8 63. f6 Bc6 64. Be6 1-0

[Event "International chess holiday M31"]
[Site "?"]
[Date "2018.08.03"]
[Round "9"]
[White "Zajicek, Karel"]
[Black "Chudinovskikh, Alexander"]
[Result "1/2-1/2"]
[ECO "C47"]
[WhiteElo "1979"]
[BlackElo "2237"]
[Annotator "Koller,Martin"]
[PlyCount "66"]
[TimeControl "240+2"]

{279MB} 1. e4 e5 2. Nf3 Nc6 3. Nc3 Nf6 4. d4 exd4 5. Nxd4 Bb4 6. Nxc6 bxc6 7.
Bd3 d5 8. exd5 cxd5 9. O-O O-O 10. Bg5 c6 11. Qf3 h6 12. Bxf6 Qxf6 13. Qxf6
gxf6 14. Ne2 Rb8 15. Rad1 Bd6 16. b3 Re8 17. Nd4 Bd7 18. Bf5 Bxf5 19. Nxf5 Bf8
20. Rfe1 Re5 21. g4 Rbe8 22. Kf1 Kh7 23. Re3 Bb4 24. Rdd3 Bc5 25. Rh3 Re1+ 26.
Kg2 Bf8 27. Rdf3 R8e4 28. Rh4 Rc1 29. Nxh6 Bxh6 30. Rxf6 Rxc2 31. Rhxh6+ Kg7
32. Rxc6 Rxa2 33. Rh3 Rxg4+ 1/2-1/2

[Event "International chess holiday M31"]
[Site "?"]
[Date "2018.08.03"]
[Round "9"]
[White "Knechtel, Roland"]
[Black "Michalek, Frantisek"]
[Result "1-0"]
[ECO "A30"]
[WhiteElo "2237"]
[BlackElo "2023"]
[Annotator "Koller,Martin"]
[PlyCount "107"]
[TimeControl "240+2"]

{279MB} 1. c4 c5 2. g3 Nf6 3. Bg2 d5 4. cxd5 Nxd5 5. Qb3 Nb4 6. a3 N4c6 7. Nf3
e5 8. d3 Be7 9. O-O O-O 10. Bd2 Qb6 11. Qxb6 axb6 12. Nc3 Rd8 13. Nb5 Na6 14.
Bc3 f6 15. Nd2 Be6 16. f4 exf4 17. gxf4 Rd7 18. Nc4 Bxc4 19. dxc4 Kf8 20. Kf2
f5 21. Bd5 Nc7 22. Nxc7 Rxc7 23. Be6 Nd4 24. Bd5 Bh4+ 25. Ke3 Nc2+ 26. Kf3 Nxa1
27. Rxa1 Re7 28. Be5 Rd8 29. a4 Bf6 30. Bxf6 gxf6 31. Ra3 Rde8 32. e3 Kg7 33.
Rb3 Kh6 34. Kf2 Kh5 35. Bf3+ Kg6 36. Rxb6 Rc8 37. b3 Rd8 38. Bd5 Rdd7 39. a5
Rc7 40. Kf3 Rcd7 41. Kf2 Rc7 42. Ke2 Kg7 43. b4 cxb4 44. Rxb4 Kg6 45. Kd3 Rcd7
46. Rb6 Rc7 47. Kd4 Red7 48. c5 Rd8 49. Kc4 Rdd7 50. c6 bxc6 51. Rxc6 Kg7 52.
a6 Kf8 53. Kc5 Ke7 54. Kb6 1-0

[Event "International chess holiday M31"]
[Site "?"]
[Date "2018.08.03"]
[Round "9"]
[White "Ramanna, Jayaram"]
[Black "Gunther, Andreas"]
[Result "1-0"]
[ECO "B01"]
[WhiteElo "1984"]
[BlackElo "2138"]
[Annotator "Koller,Martin"]
[PlyCount "81"]
[TimeControl "240+2"]

{279MB} 1. e4 d5 2. exd5 Qxd5 3. Nc3 Qa5 4. Bc4 Nf6 5. d3 Bg4 6. Nge2 Nc6 7.
Bd2 Qh5 8. O-O Nd4 9. f3 Bxf3 10. Rxf3 Nxf3+ 11. gxf3 Qxf3 12. Ng3 Qxd1+ 13.
Rxd1 e6 14. Rf1 c6 15. Nce4 Nxe4 16. dxe4 Rd8 17. Bd3 Bd6 18. Kg2 f6 19. Bc3
Bc5 20. Nh5 O-O 21. Bc4 Kf7 22. e5 Bd4 23. exf6 g5 24. Bb4 c5 25. Be1 Kg6 26.
c3 Bxf6 27. Ng3 e5 28. Rf3 Rd1 29. Re3 Rfd8 30. Ne4 b6 31. Re2 h5 32. h3 Bg7
33. Bd2 Bf6 34. Rf2 Be7 35. Bf7+ Kg7 36. Bxh5 Rb1 37. Be3 Rf8 38. Rd2 Rd8 39.
Rf2 Rf8 40. Re2 Rff1 41. Nd2 1-0

[Event "International chess holiday K31"]
[Site "?"]
[Date "2018.08.03"]
[Round "9"]
[White "Hapke, Ralf"]
[Black "Skopec, Lubos"]
[Result "1/2-1/2"]
[ECO "B76"]
[WhiteElo "1852"]
[BlackElo "1981"]
[Annotator "Koller,Martin"]
[PlyCount "25"]
[TimeControl "240+2"]

{279MB} 1. e4 c5 2. Nf3 d6 3. d4 cxd4 4. Nxd4 Nf6 5. Nc3 g6 6. Be3 Bg7 7. f3
O-O 8. Qd2 Nc6 9. O-O-O d5 10. exd5 Nxd5 11. Nxc6 bxc6 12. Bd4 Bxd4 13. Qxd4
1/2-1/2

[Event "International chess holiday K31"]
[Site "?"]
[Date "2018.08.03"]
[Round "9"]
[White "Hejsek, Lukas"]
[Black "Hadzala, Daniel"]
[Result "1/2-1/2"]
[ECO "A54"]
[WhiteElo "1704"]
[BlackElo "2104"]
[Annotator "Koller,Martin"]
[PlyCount "74"]
[TimeControl "240+2"]

{279MB} 1. d4 Nf6 2. Nf3 d6 3. g3 Nbd7 4. Bg2 e5 5. dxe5 dxe5 6. O-O c6 7. c4
Be7 8. Nc3 O-O 9. Qc2 Re8 10. Rd1 Qc7 11. b3 a5 12. Bb2 Bf8 13. Rac1 e4 14. Ng5
e3 15. f4 h6 16. Nge4 Nxe4 17. Nxe4 f5 18. Nc3 Nc5 19. Ba3 Be6 20. Bxc5 Bxc5
21. Na4 Bb4 22. Bh3 Bd2 23. Rb1 Qf7 24. Bg2 Rad8 25. Nc5 Bc8 26. Nd3 g5 27. Rf1
Rd4 28. Rbd1 Qc7 29. Kh1 c5 30. fxg5 hxg5 31. Ne1 Bxe1 32. Rfxe1 Red8 33. Bd5+
Kg7 34. Qc3 Qe5 35. Kg1 f4 36. Rf1 Bh3 37. Rfe1 R8xd5 1/2-1/2

[Event "International chess holiday K31"]
[Site "?"]
[Date "2018.08.03"]
[Round "9"]
[White "Koper, Stefan"]
[Black "Nelson, Wayne"]
[Result "1-0"]
[ECO "D13"]
[WhiteElo "1830"]
[BlackElo "2009"]
[Annotator "Koller,Martin"]
[PlyCount "75"]
[TimeControl "240+2"]

{279MB} 1. d4 c6 2. c4 d5 3. cxd5 cxd5 4. Nc3 Nf6 5. Nf3 Nc6 6. Bf4 a6 7. e3 e6
8. Bd3 h6 9. Ne5 Nxe5 10. Bxe5 Bd6 11. f4 Qe7 12. O-O O-O 13. Rc1 Bd7 14. Bb1
Rac8 15. Rf3 b5 16. a3 a5 17. Qd3 g6 18. Rg3 Bxe5 19. fxe5 Ne4 20. Rf3 b4 21.
axb4 axb4 22. Ne2 Rxc1+ 23. Nxc1 Rc8 24. Nb3 Ba4 25. Nd2 Rc1+ 26. Rf1 Rxf1+ 27.
Nxf1 f5 28. Qa6 Be8 29. Bxe4 fxe4 30. Nd2 Bf7 31. Nb3 Qg5 32. Qe2 Kf8 33. Nc5
h5 34. h3 Qe7 35. Qe1 Qg5 36. h4 Qg4 37. Nd7+ Kg7 38. Qxb4 1-0

[Event "International chess holiday K31"]
[Site "?"]
[Date "2018.08.03"]
[Round "9"]
[White "Pokorny, Jan"]
[Black "Vit, Zdenek"]
[Result "1-0"]
[ECO "A29"]
[WhiteElo "1879"]
[BlackElo "1705"]
[Annotator "Koller,Martin"]
[PlyCount "79"]
[TimeControl "240+2"]

{279MB} 1. c4 e5 2. d3 Nf6 3. Nc3 Nc6 4. g3 d5 5. cxd5 Nxd5 6. Bg2 Be6 7. Nf3
Be7 8. O-O O-O 9. Bd2 Nb6 10. Ne4 f6 11. a3 Qc8 12. b4 Rb8 13. Rc1 Rd8 14. Nc5
Bd5 15. Nh4 Bxg2 16. Nxg2 Nd7 17. Na6 Ra8 18. b5 bxa6 19. Rxc6 axb5 20. Qb3+
Kf8 21. Rfc1 a6 22. Rxc7 Qb8 23. Bb4 Ra7 24. R7c6 Re8 25. Ne3 g6 26. Bxe7+ Kxe7
27. Nd5+ Kf8 28. Nxf6 Nxf6 29. Rxf6+ Kg7 30. Rfc6 Qd8 31. Qc3 Ree7 32. e3 Rad7
33. Rc8 Qb6 34. Qb3 Rd8 35. a4 Rxc8 36. Rxc8 Qb7 37. Rg8+ Kh6 38. axb5 axb5 39.
Qb4 Rf7 40. Qh4# 1-0

[Event "International chess holiday K31"]
[Site "?"]
[Date "2018.08.03"]
[Round "9"]
[White "Rejlic, Michael"]
[Black "Spindler, Markus"]
[Result "1/2-1/2"]
[ECO "B01"]
[WhiteElo "1866"]
[BlackElo "1973"]
[Annotator "Koller,Martin"]
[PlyCount "84"]
[TimeControl "240+2"]

{279MB} 1. e4 d5 2. exd5 Qxd5 3. d4 Nf6 4. Nc3 Qd6 5. Nf3 c6 6. Bc4 Bg4 7. Be3
e6 8. h3 Bh5 9. Qe2 Nbd7 10. Bb3 Qc7 11. O-O-O Bd6 12. g4 Bg6 13. Ng5 h6 14.
Nf3 O-O-O 15. d5 exd5 16. Bxa7 Rhe8 17. Be3 Nc5 18. Rhe1 Nxb3+ 19. axb3 Qa5 20.
Na4 b5 21. Bb6 Qxe1 22. Rxe1 Rxe2 23. Rxe2 bxa4 24. Bxd8 Kxd8 25. bxa4 Be4 26.
Ne1 d4 27. a5 Kc7 28. f3 Bd5 29. Rf2 Kb7 30. Nd3 Ka6 31. b4 Nd7 32. f4 Kb5 33.
Rd2 c5 34. Nxc5 Bxf4 35. Nxd7 Kxb4 36. Kd1 Bxd2 37. Kxd2 Kxa5 38. Kd3 h5 39.
Kxd4 hxg4 40. hxg4 Be6 41. Ne5 f6 42. Nc4+ Kb5 1/2-1/2